 Dungeon Crawl Stone Soup version 0.20.0-6-gd3061e9 (webtiles) character file.

158 skittles the Firebug (level 5, -19/42 HPs)
             Began as a Draconian Fire Elementalist on May 28, 2017.
             Engulfed by a cloud of flame (20 damage)
             ... on level 3 of the Dungeon.
             The game lasted 00:12:07 (3759 turns).

skittles the Firebug (Draconian Fire Elementalist)  Turns: 3759, Time: 00:12:09

Health: -19/42     AC:  6    Str: 11    XL:     5   Next: 16%
Magic:  8/8        EV: 13    Int: 16    God:
Gold:   95         SH:  0    Dex: 11    Spells: 0/8 levels left

rFire    . . .     SeeInvis .   n - -1 whip (curse)
rCold    . . .     Gourm    .   (no shield)
rNeg     . . .     Faith    .   (armour unavailable)
rPois    .         Spirit   .   (helmet restricted)
rElec    .         Reflect  .   (no cloak)
rCorr    .         Harm     .   e - +0 pair of gloves
MR       .....                  (no boots)
Stlth    ++........             (no amulet)
Regen    0.2/turn               c - ring of flight
MPRegen  0.2/turn               (no ring)

@: no status effects
A: unfitting armour, cold-blooded, AC +5
a: Evoke Flight


You were on level 3 of the Dungeon.
You were not hungry.

You visited 1 branch of the dungeon, and saw 3 of its levels.

You collected 95 gold pieces.

Inventory:

Hand Weapons
 f - a +0 dagger
 j - a +0 spear
 n - a cursed -1 whip (weapon)
Missiles
 g - a throwing net (quivered)
Armour
 e - a +0 pair of gloves (worn)
Jewellery
 c - a ring of flight (left hand)
Scrolls
 k - a scroll of identify
Potions
 d - a potion of heal wounds
 m - a potion of flight
 p - a potion of haste
Books
 a - a book of Flames

   Spells                             Type                      Level
   a - Flame Tongue                   Conjuration/Fire             1
   b - Throw Flame                    Conjuration/Fire             2
   c - Conjure Flame                  Conjuration/Fire             3
   d - Inner Flame                    Hexes/Fire                   3
   e - Sticky Flame                   Conjuration/Fire             4
   f - Fireball                       Conjuration/Fire             5
Comestibles
 b - 2 bread rations
 h - a royal jelly
 i - a meat ration
 l - 5 fruits


   Skills:
 + Level 2.3 Fighting
 + Level 2.9 Dodging
 - Level 1.7 Stealth
 - Level 2.0 Spellcasting
 + Level 2.2 Conjurations
 + Level 4.1 Fire Magic


You couldn't memorise any spells.
You knew the following spells:

 Your Spells              Type           Power        Failure   Level  Hunger
a - Flame Tongue          Conj/Fire      ##...        5%          1    #......
b - Conjure Flame         Conj/Fire      ##......     17%         3    ###....
c - Sticky Flame          Conj/Fire      ##......     50%         4    #####..


Dungeon Overview and Level Annotations

Branches:
Dungeon (3/15)

Altars:
Zin

Annotations:
D:2 Sigmund


Innate Abilities, Weirdness & Mutations

Your plain brown scales are hard. (AC +5)
You cannot fit into any form of body armour.
You are cold-blooded and may be slowed by cold attacks.


Message History

A kobold comes into view.
All of the chunks of flesh in your inventory have rotted away.
As you read the scroll of identify, it crumbles to dust.
d - a potion of heal wounds
As you read the scroll of identify, it crumbles to dust.
p - a potion of haste
Okay, then.
As you read the scroll labeled OSOTAU CEPH, it crumbles to dust.
The creatures around you are filled with an inner flame!
It was a scroll of immolation.
Magic restored.
The kobold is too close now for your liking.
The kobold barely misses you.
You closely miss the kobold. You tail-slap the kobold.
The kobold explodes!
The fiery explosion engulfs you!
Ouch! That really hurt!
* * * LOW HITPOINT WARNING * * *
You are engulfed in blazing flames.
You die...

#.. #.. .# #.. .#
#.. #.# #..##..#
#####......####
......§§...%..+
#§@...# ###..##
#.## #.# #.# #.#
.# #.# #.# #.#
##.##
#.#########...###


There were no monsters in sight!

Vanquished Creatures
  3 gnolls
  3 adders
  2 oozes (D:2)
  A worm (D:3)
  A dart slug (D:2)
  A leopard gecko (D:3)
  3 orcs (D:3)
  A ball python (D:2)
  3 giant cockroaches
  15 goblins
  7 hobgoblins
  10 jackals
  2 quokkas
  9 bats
  3 frilled lizards
  9 kobolds
  8 rats
81 creatures vanquished.

Vanquished Creatures (others)
  4 toadstools (D:1)
4 creatures vanquished.

Grand Total: 85 creatures vanquished

Notes
Turn   | Place    | Note
-------+----------+-------------------------------------------
     0 | D:1      | skittles the Draconian Fire Elementalist began the quest for the Orb.
     0 | D:1      | Reached XP level 1. HP: 14/14 MP: 3/3
   385 | D:1      | Reached XP level 2. HP: 19/20 MP: 5/5
  1204 | D:2      | Noticed Sigmund
  1281 | D:2      | Reached XP level 3. HP: 19/27 MP: 4/6
  1490 | D:2      | Learned a level 3 spell: Conjure Flame
  1513 | D:2      | Reached skill level 1 in Fighting
  1669 | D:1      | Reached XP level 4. HP: 16/35 MP: 1/7
  2618 | D:3      | Reached skill level 4 in Fire Magic
  3313 | D:3      | Reached XP level 5. HP: 41/41 MP: 0/8
  3420 | D:3      | Found a glowing silver altar of Zin.
  3427 | D:3      | Learned a level 4 spell: Sticky Flame
  3759 | D:3      | HP: 1/42 [kobold/exploding inner flame[the player character] (41)]
  3759 | D:3      | Engulfed by a cloud of flame

Skill      XL: |  1  2  3  4 |
---------------+-------------+-----
Dodging        | 2 |  2.9
Fighting       | 1 2 |  2.3
Conjurations   | 2 |  2.2
Fire Magic     | 4 |  4.1
Stealth        | |  1.7
Spellcasting   | |  2.0

Action                   |  1- 3 |  4- 6 || total
-------------------------+-------+-------++-------
Melee: Dagger            |    80 |       ||    80
       Unarmed           |     5 |       ||     5
       Tailslap          |    12 |     4 ||    16
       Whip              |       |    62 ||    62
       Spear             |       |    11 ||    11
 Cast: Flame Tongue      |    21 |    72 ||    93
       Conjure Flame     |       |     1 ||     1
  Use: Scroll            |       |     7 ||     7
 Stab: Sleeping          |     8 |     2 ||    10
  Eat: Chunk             |     2 |     9 ||    11
Armor: Skin              |    23 |    44 ||    67
Dodge: Dodged            |    77 |   102 ||   179
